 Dungeon Crawl Stone Soup version 0.30-a0-924-g0ad0bf95bc (webtiles) character file.

Game seed: 6387684655053491100

39 Pimp the Stinger (level 3, -11/24 HPs)
             Began as a Demonspawn Venom Mage on Mar 22, 2023.
             Killed by nerve-wracking pain
             ... invoked by an orc priest
              (13 damage)
             ... on level 3 of the Dungeon.
             The game lasted 00:05:23 (1572 turns).

Pimp the Stinger (Demonspawn Venom Mage)            Turns: 1572, Time: 00:05:25

Health: -11/24     AC:  5    Str:  8    XL:     3   Next: 26%
Magic:  6/6        EV: 11    Int: 18    God:
Gold:   80         SH:  0    Dex: 13    Spells: 5/6 levels left

rFire   . . .      SeeInvis +    (no weapon)
rCold   . . .      Faith    .    (no shield)
rNeg    . . .      Spirit   .    d - +0 leather armour
rPois   .          Reflect  .    o - +0 helmet
rElec   .          Rampage  .    h - +0 cloak
rCorr   .                        (no gloves)
Will    +....                    (no boots)
Stlth   ++                       (no amulet)
HPRegen 0.24/turn                m - ring of see invisible
MPRegen 0.10/turn                n - ring of willpower

@: no status effects
A: demonic guardian 1
a: no special abilities


You were on level 3 of the Dungeon.
You visited 1 branch of the dungeon, and saw 3 of its levels.

You collected 80 gold pieces.

Inventory:

Armour
 a - a +0 robe
 d - a +0 leather armour (worn)
 h - a +0 cloak (worn)
 o - a +0 helmet (worn)
Jewellery
 m - a ring of see invisible (left hand)
 n - a ring of willpower (right hand)
Scrolls
 e - a scroll of magic mapping
 f - a scroll of silence
Potions
 g - a potion of berserk rage
 i - a potion of heal wounds
 j - a potion of might
 k - a potion of brilliance {unknown}
 l - a potion of mutation {unknown}


   Skills:
 + Level 2.1 Dodging
 + Level 2.2 Stealth
 + Level 2.3 Spellcasting
 + Level 1.4 Transmutations
 + Level 3.3 Poison Magic


You had 5 spell levels left.
You knew the following spells:

 Your Spells              Type           Power      Damage    Failure   Level
a - Sting                 Tmut/Pois      40%        1d5       10%         1

Your spell library contained the following spells:

 Spells                   Type           Power      Damage    Failure   Level
 Poisonous Vapours        Pois/Air       16%        N/A       19%         2
 Mephitic Cloud           Conj/Pois/Air  6%         N/A       43%         3
 Olgreb's Toxic Radiance  Pois           14%        N/A       54%         4


Dungeon Overview and Level Annotations

Branches:
Dungeon (3/15)

Altars:


Innate Abilities, Weirdness & Mutations

A weak demonic guardian rushes to your aid.


Message History

The orc priest attacks as you move away!
The orc priest hits you with a +0 hand axe.
Casting: Sting (safe; 10% risk of failure)
Confirm with . or Enter, or press ? or * to list all spells.
Aiming: Sting (safe; 10% risk of failure)
Press: ? - help, Shift-Dir - straight line, f/p - orc priest
Aim: an orc priest, wielding a +0 hand axe and wearing a +0 scale mail (lightly wounded, poisoned, 75% to hit)
The sting hits the orc priest but does no damage.
The orc priest looks even sicker.
The orc priest is lightly wounded.
The orc priest hits you with a +0 hand axe.
* * * LOW HITPOINT WARNING * * *
A demonic guardian appears!
You swap places.
The orc priest hits your white imp with a +0 hand axe.
Your white imp barely misses the orc priest.
The orc priest hits your white imp with a +0 hand axe!
Your white imp dies!
Your white imp disappears in a puff of smoke!
There is an open door here.
Casting: Sting (safe; 10% risk of failure)
Confirm with . or Enter, or press ? or * to list all spells.
You don't have enough magic to cast this spell.
Magic courses through your body.
Casting: Sting (safe; 10% risk of failure)
Confirm with . or Enter, or press ? or * to list all spells.
Aiming: Sting (safe; 10% risk of failure)
Press: ? - help, Shift-Dir - straight line, f/p - orc priest
Aim: an orc priest, wielding a +0 hand axe and wearing a +0 scale mail (heavily wounded, poisoned, 75% to hit)
The sting hits the orc priest but does no damage.
The orc priest looks even sicker.
The orc priest is heavily wounded.
Your magical contamination has completely faded away.
The orc priest attacks as you move away!
The orc priest hits you with a +0 hand axe.
* * * LOW HITPOINT WARNING * * *
The orc priest invokes the aid of Beogh against you.
Pain shoots through your body!
Ouch! That really hurt!
You die...

#...........#
######.>....#
######)#...#
#......# ..#
#......# ##
#......#
######.#
######'#######
#.......o.@..#
#########
#...†...####.#
#.......#
#.......# #.####
#.......#
#.....).#
#....###.......#
#.......#
####..##.......#
#########
##..'.......#
####.......#
#.......#
##.......


You could see an orc priest (very poisoned).

Vanquished Creatures
  An adder (D:2)
  A worm (D:2)
  3 orcs (D:3)
  4 bats
  2 endoplasms
  2 goblins
  4 hobgoblins
  A ball python (D:1)
  4 frilled lizards
  A kobold (D:1)
  A rat (D:2)
24 creatures vanquished.

Notes
Turn   | Place    | Note
-------+----------+-------------------------------------------
     0 | D:1      | Pimp the Demonspawn Venom Mage began the quest for the Orb.
     0 | D:1      | Reached XP level 1. HP: 13/13 MP: 3/3
    35 | D:1      | Reached skill level 1 in Transmutations
   180 | D:1      | You fall into a shaft and drop 1 floor!
   208 | D:2      | Gained mutation: A weak demonic guardian rushes to your
                  | aid. [demonic ancestry]
   208 | D:2      | Reached XP level 2. HP: 8/19 MP: 0/5
  1341 | D:3      | Reached XP level 3. HP: 10/24 MP: 1/6
  1572 | D:3      | Killed from afar by an orc priest

Illustrated notes

Levels and vault maps discovered:
D:1:      grunt_arrival_crossed_arrows, layout_basic,
          ebering_ecumenical_altar_abandoned, minmay_tetromino_o4
D:2:      layout_loops_corners
D:3:      layout_basic, zin_angel, uniq_crazy_yiuf_cottage

Skill      XL: |  1 |
---------------+----+-----
Transmutations | 1 |  1.4
Dodging        | 2 |  2.1
Stealth        | 2 |  2.2
Spellcasting   | |  2.3
Poison Magic   | |  3.3

Action                     || total
---------------------------++-------
  Melee: Unarmed           ||    44
   Cast: Sting             ||    47
    Use: Scroll            ||     5
         Potion            ||     1
 Armour: Robe              ||     6
         Leather armour    ||     9
  Dodge: Dodged            ||    50

Table legend: (Time is in decaauts)
 A = Elapsed time spent in this place.
 B = Non-inter-level travel time spent in this place.
 C = Inter-level travel time spent in this place.
 D = Time resting spent in this place.
 E = Time spent auto-exploring this place.
 F = Levels seen in this place.
 G = Mean time per level.
                   A        B        C        D        E       F      G
               +--------+--------+--------+--------+--------+-----+--------+
         Total |   1570 |   1551 |     19 |    151 |   1074 |   3 |  523.3 |
       Dungeon |   1570 |   1551 |     19 |    151 |   1074 |   3 |  523.3 |
               +--------+--------+--------+--------+--------+-----+--------+

Top non-repeatable levels by time:
     D:2: 1070 daAuts
     D:3: 319 daAuts
     D:1: 180 daAuts
